 Dungeon Crawl Stone Soup version 0.23-a0-650-ga4d50d4 (console) character file.

2062 Duffy the Ducker (level 9, 5/69 HPs)
             Began as a Demonspawn Fire Elementalist on Jan 6, 2019.
             Was an Initiate of Sif Muna.
             Quit the game on level 5 of the Dungeon.
             The game lasted 00:10:52 (7145 turns).

Duffy the Ducker (Demonspawn Fire Elementalist)     Turns: 7145, Time: 00:10:52

Health: 5/69       AC:  2    Str:  8    XL:     9   Next: 5%
Magic:  2/15       EV: 15    Int: 27    God:    Sif Muna [......]
Gold:   294        SH:  8    Dex: 13    Spells: 3/16 levels left

rFire    . . .     SeeInvis .   n - +0 blowgun
rCold    . . .     Gourm    .   (no shield)
rNeg     . . .     Faith    .   a - +0 robe
rPois    +         Spirit   .   (helmet restricted)
rElec    .         Reflect  .   (no cloak)
rCorr    .         Harm     .   (no gloves)
MR       .....                  (no boots)
Stlth    ++........             (no amulet)
HPRegen  0.21/turn              f - ring of poison resistance
MPRegen  0.14/turn              p - +6 ring of intelligence

@: lethally poisoned (5 -> -4)
A: horns 1, large bone plates 3, powered by death 2
a: Renounce Religion


You were on level 5 of the Dungeon.
You worshipped Sif Muna.
Sif Muna was noncommittal.
You were not hungry.

You visited 2 branches of the dungeon, and saw 7 of its levels.
You also visited: Sewer.

You collected 294 gold pieces.

Inventory:

Hand Weapons
 n - a +0 blowgun (weapon)
Missiles
 o - 36 poisoned needles (quivered)
Armour
 a - a +0 robe (worn)
Jewellery
 f - a ring of poison resistance (left hand)
 h - an uncursed ring of ice
 p - a +6 ring of intelligence (right hand)
Wands
 x - a wand of scattershot (4)
Scrolls
 e - 4 scrolls of teleportation
 g - 2 scrolls of enchant weapon
 j - 3 scrolls of remove curse
 r - a scroll of amnesia {unknown}
 s - a scroll of enchant armour {unknown}
 u - a scroll of fog {unknown}
 w - a scroll of magic mapping
 y - a scroll of random uselessness {unknown}
 z - a scroll of acquirement {unknown}
Potions
 b - 3 potions of haste
 d - a potion of heal wounds
 i - a potion of mutation
 k - 3 potions of curing
 l - a potion of magic
 m - a potion of invisibility
 q - a potion of might
 t - 2 potions of agility
 v - 2 potions of flight
Comestibles
 c - 11 rations


   Skills:
 + Level 6.0 Fighting
 - Level 6.6 Dodging
 - Level 1.7 Stealth
 - Level 4.3 Spellcasting
 - Level 4.2 Conjurations
 - Level 4.6 Fire Magic


You had 3 spell levels left.
You knew the following spells:

 Your Spells              Type           Power        Failure   Level  Hunger
h - Flame Tongue          Conj/Fire      ####.        1%          1    None
j - Sticky Flame          Conj/Fire      ####....     12%         4    ####...
k - Fireball              Conj/Fire      ####......   34%         5    #####..
l - Conjure Flame         Conj/Fire      ####....     3%          3    ##.....

Your spell library contained the following spells:

 Spells                   Type           Power        Failure   Level  Hunger
 Throw Flame              Conj/Fire      ####..       1%          2    None
 Inner Flame              Hex/Fire       ###.....     9%          3    ##.....
 Passwall                 Tmut/Erth      #.......     12%         2    None
 Swiftness                Chrm/Air       #.......     12%         2    None
 Passage of Golubria      Tloc           N/A          61%         4    ####...
 Lee's Rapid Deconstruct  Erth           #.........   91%         5    #####..
 Darkness                 Hex            #.........   100%        6    #######
 Invisibility             Hex            #.......     100%        6    #######


Dungeon Overview and Level Annotations

Branches:
Dungeon (6/15)             Temple (1/1) D:5

Altars:
Ashenzari
Cheibriados
Dithmenos
Elyvilon
Gozag
Hepliaklqana
Nemelex Xobeh
Qazlal
Ru
Sif Muna
Uskayaw
Vehumet
Wu Jian
Xom
Yredelemnul
Zin

Annotations:
D:5 1 transporter, ThereIsNoGod's ghost, novice GnWn
D:6 exclusion: upstairs


Innate Abilities, Weirdness & Mutations

You have a pair of small horns on your head.
You are completely covered in large bone plates. (SH +8)
You regenerate health from kills.


Message History

ThereIsNoGod's ghost gestures at you while chanting.
The puff of flame hits you!
You see here a killer bee corpse.
You feel sick.
You feel sick.
ThereIsNoGod's ghost casts a spell at you.
The puff of flame hits you!
You feel sick.
There is a transporter landing site here.
You see here 2 poisoned needles.
You can't go down here!
You feel sick. The killer bee barely misses you. The killer bee stings you.
Really attack while wielding your +0 blowgun?
Okay, then.
You feel sick. The killer bee stings you!
The killer bee misses you. x2; The killer bee stings you.
You are lethally poisoned!
The killer bee poisons you!
Okay, then.
Are you sure you want to abandon this character and quit the game? (Confirm

###########
#######.........##
######.......^.........##
#......#############....#
#.....# ###.(yyW#####...#####
#....###.#.#...#...###.......
#....##..#..###..#.y##..#####
#$>..###...#...#...###..# #
#.....#####@.#..#####...#####
#....###..y#y..#...###......#
#...%##%.#y.###%.#.%##..###..
#....###..W#y..#.#.###..# #.#
#####.....#####..^..#####...#
#.# #....####..#
##########....# #.# #....#
##.......^........#.# ###
#....#
....##..####..#.#.#####
#....# ..... #.##
#.......)...


You could see 3 killer bees and ThereIsNoGod's ghost.

Vanquished Creatures
  Grinder (D:3)
  Sigmund (D:5)
  Duvessa (D:4)
  A sky beast (D:5)
  An ice beast (D:5)
  2 centaurs (D:6)
  4 big kobolds (Sewer)
  Dowan (D:4)
  2 scorpions
  2 killer bees (D:5)
  A howler monkey (D:3)
  A crimson imp (D:6)
  A bullfrog skeleton (D:5)
  2 jellies (D:5)
  An orc priest (D:3)
  A centaur skeleton (D:5)
  Terence (D:2)
  4 orc wizards
  4 worker ants
  16 adders
  3 river rats (Sewer)
  A shadow imp (D:6)
  3 oozes
  An adder skeleton (D:6)
  3 worms
  2 dart slugs
  2 leopard geckos
  12 orcs
  2 ball pythons
  4 bats
  6 giant cockroaches
  8 goblins
  3 hobgoblins (D:1)
  10 jackals (D:3)
  3 quokkas
  6 frilled lizards
  A giant cockroach zombie (D:5)
  15 kobolds
  2 leopard gecko skeletons
  A quokka zombie (D:6)
  11 rats
147 creatures vanquished.

Notes
Turn   | Place    | Note
-------+----------+-------------------------------------------
     0 | D:1      | Duffy the Demonspawn Fire Elementalist began the quest for
                  | the Orb.
     0 | D:1      | Reached XP level 1. HP: 13/13 MP: 3/3
   195 | D:1      | Gained mutation: You are partially covered in large bone
                  | plates. (SH +4) [demonic ancestry]
   195 | D:1      | Reached XP level 2. HP: 14/19 MP: 1/5
   889 | D:1      | Gained mutation: You regenerate a little health from kills.
                  | [demonic ancestry]
   889 | D:1      | Reached XP level 3. HP: 17/24 MP: 1/6
   894 | D:1      | Learned a level 3 spell: Conjure Flame
  1686 | D:2      | Gained mutation: You are mostly covered in large bone
                  | plates. (SH +6) [demonic ancestry]
  1686 | D:2      | Reached XP level 4. HP: 30/30 MP: 6/8
  1841 | D:2      | Noticed Terence
  1879 | D:2      | Found a faded altar of an unknown god.
  2602 | D:4      | Noticed Grinder
  2605 | D:4      | Paralysed by Grinder for 2 turns
  2625 | D:4      | Noticed Duvessa
  2639 | D:4      | Found a snail-covered altar of Cheibriados.
  2885 | D:3      | Found a hide-covered altar of Uskayaw.
  2939 | D:3      | Reached XP level 5. HP: 34/35 MP: 6/9
  2954 | D:3      | Found a glowing drain.
  2958 | Sewer    | Entered a sewer
  3490 | Sewer    | Gained mutation: You are completely covered in large bone
                  | plates. (SH +8) [demonic ancestry]
  3490 | Sewer    | Reached XP level 6. HP: 41/41 MP: 7/11
  4048 | D:2      | Learned a level 4 spell: Sticky Flame
  4245 | D:3      | Gained mutation: You regenerate health from kills. [demonic
                  | ancestry]
  4245 | D:3      | Reached XP level 7. HP: 46/46 MP: 10/13
  4254 | D:3      | Reached skill level 1 in Fighting
  4449 | D:2      | Killed Terence
  4698 | D:4      | Killed Duvessa
  4837 | D:4      | Noticed Dowan
  4856 | D:3      | Killed Grinder
  4856 | D:3      | Reached skill level 5 in Fighting
  4967 | D:4      | Killed Dowan
  4967 | D:4      | Reached XP level 8. HP: 43/62 MP: 5/14
  5255 | D:4      | Found a sparkling altar of Nemelex Xobeh.
  5462 | D:5      | Entered Level 5 of the Dungeon
  5521 | D:5      | Found an opulent altar of Gozag.
  5736 | D:5      | Noticed Sigmund
  5754 | D:5      | Killed Sigmund
  5758 | D:5      | Reached skill level 5 in Dodging
  5901 | D:5      | Found a staircase to the Ecumenical Temple.
  6508 | D:6      | Learned a level 5 spell: Fireball
  6698 | Temple   | Entered the Ecumenical Temple
  6889 | Temple   | Became a worshipper of Sif Muna the Loreminder
  7077 | D:5      | Found a transporter.
  7080 | D:5      | Noticed ThereIsNoGod's ghost (novice GnWn)
  7081 | D:5      | Gained mutation: You have a pair of small horns on your
                  | head. [demonic ancestry]
  7081 | D:5      | Reached XP level 9. HP: 69/69 MP: 10/15
  7117 | D:5      | Found a transporter.
  7145 | D:5      | Quit the game

Vault maps used:
D:1:      dpeg_arrival_orchard
D:2:      chequers_ecumenical_altar_simple, first_ration, st_stairs_14,
          uniq_terence
D:3:      nicolae_overflow_hidden_temple, gup_sewer_entry_bowl,
          lemuel_old_faithful
D:4:      overflow_temple_1_default, cheibriados_altar_1, uniq_grinder,
          uniq_duvessa
D:5:      nicolae_overflow_crystal_walls, minmay_temple_entry_from_below_b,
          gammafunk_ghost_hive, uniq_sigmund
D:6:      lemuel_crystal_altar
Temple:   minmay_temple_bridge_abc
Sewer:    sewer_co_tree

Skill      XL: |  1  2  3  4  5  6  7  8  9 |
---------------+----------------------------+-----
Fire Magic     | 3 4 |  4.6
Conjurations   | 2 3 4 |  4.2
Spellcasting   | 3 4 |  4.3
Fighting       | 5 6 |  6.0
Dodging        | 2 6 |  6.6
Stealth        | |  1.7

Action                   |  1- 3 |  4- 6 |  7- 9 || total
-------------------------+-------+-------+-------++-------
Melee: Unarmed           |    43 |     7 |       ||    50
 Fire: Blowgun           |       |    33 |    27 ||    60
 Cast: Flame Tongue      |    56 |   123 |   103 ||   282
       Sticky Flame      |       |       |    13 ||    13
       Conjure Flame     |       |       |     4 ||     4
Evoke: Wand              |       |       |     2 ||     2
  Use: Scroll            |       |     6 |     5 ||    11
       Potion            |       |     1 |       ||     1
  Eat: Chunk             |     3 |     8 |    11 ||    22
Armor: Robe              |    12 |    36 |     2 ||    50
Dodge: Dodged            |    30 |   103 |    37 ||   170
Block: Other             |    13 |    52 |    31 ||    96

Table legend:
 A = Non-vault XP
 B = Vault XP
 C = Vault XP percentage of total XP
 D = Non-vault monster count
 E = Vault monster count
 F = Vault count percentage of total count
                 A         B        C        D         E       F
            +---------+---------+-------+---------+---------+-------
      Total |    1529 |    1418 |  48.1 |     109 |      38 |  25.9
            +---------+---------+-------+---------+---------+-------
        D:1 |      45 |       0 |   0.0 |      24 |       0 |   0.0
        D:2 |      74 |      36 |  32.7 |      12 |       1 |   7.7
        D:3 |     232 |     287 |  55.3 |      33 |       4 |  10.8
        D:4 |      72 |     228 |  76.0 |       7 |       2 |  22.2
        D:5 |     646 |     347 |  34.9 |      17 |       3 |  15.0
        D:6 |     460 |       0 |   0.0 |      16 |       0 |   0.0
      Sewer |       0 |     520 | 100.0 |       0 |      28 | 100.0
            +---------+---------+-------+---------+---------+-------
